 Dungeon Crawl Stone Soup version 0.31-a0-971-g75a2e9a4b4 (webtiles) character file.

Game seed: 14692110161357106505

28 Azuregosa the Charlatan (level 2, 0/23 HPs)
             Began as a Demigod Wanderer on Oct 28, 2023.
             Slain by an adder (2 damage)
             ... on level 2 of the Dungeon.
             The game lasted 00:04:28 (1410 turns).

Azuregosa the Charlatan (Demigod Wanderer)          Turns: 1410, Time: 00:04:29

Health: 0/23       AC:  3    Str: 15    XL:     2   Next: 78%
Magic:  0/7        EV: 11    Int: 15    God:
Gold:   67         SH:  0    Dex: 10    Spells: 3/4 levels left

rFire   . . .        a - +0 mace
rCold   + . .        (no shield)
rNeg    . . .        d - +0 robe
rPois   .            (no helmet)
rElec   .            (no cloak)
rCorr   .            (no gloves)
SInv    .            j - +0 pair of boots
Will    .....        (no amulet)
Stlth   +            h - ring of protection from cold
HPRegen 0.23/turn    (no ring)
MPRegen 0.10/turn

%: no passive effects
@: very slightly contaminated
A: high MP 1, forlorn, divine attributes
a: no special abilities


You were on level 2 of the Dungeon.
You visited 1 branch of the dungeon, and saw 2 of its levels.

You collected 67 gold pieces.

Inventory:

Hand Weapons
 a - a +0 mace (weapon)
Armour
 d - a +0 robe (worn)
 j - a +0 pair of boots (worn)
Jewellery
 h - a ring of protection from cold (left hand)
Wands
 b - a wand of polymorph (3)
Scrolls
 e - a scroll of blinking {unknown}
 f - a scroll of identify {unknown}
 i - a scroll of amnesia {unknown}
 k - a scroll of teleportation {unknown}
Potions
 c - a potion of haste
 g - 2 potions of curing {unknown}


   Skills:
 - Level 1.0 Fighting
 - Level 1.0 Maces & Flails
 + Level 1.9 Spellcasting
 + Level 3.3 Air Magic
 - Level 3.6 Evocations


You had 3 spell levels left.
You knew the following spells:

 Your Spells              Type           Power      Damage    Failure   Level
a - Shock                 Conj/Air       24%        1d4       12%         1

Your spell library contained the following spells:

 Spells                   Type           Power      Damage    Failure   Level
 Swiftness                Air            11%        N/A       17%         3
 Airstrike                Air            5%         2d(1-17)  50%         4


Dungeon Overview and Level Annotations

Branches:
Dungeon (2/15)


Innate Abilities, Weirdness & Mutations

You have an increased reservoir of magic. (+10% MP)
You shall have no god before yourself.
Your divine heritage dramatically boosts your attributes as you level up.


Message History

Nothing appears to happen.
The adder bites you.
Casting: Shock (safe; 12% risk of failure)
Confirm with . or Enter, or press ? or * to list all spells.
Aiming: Shock (safe; 12% risk of failure)
Press: ? - help, Shift-Dir - straight line, f/p - adder
Aim: an adder (moderately wounded, 43% to hit)
You miscast Shock.
Nothing appears to happen.
The adder bites you but does no damage. The adder attacks as it pursues you!
The adder bites you. x2
You are poisoned.
The adder poisons you!
You feel sick. The adder attacks as it pursues you! The adder bites you.
You feel sick.
You feel sick.
You feel sick. The adder barely misses you. x2
You hit the adder.
The adder is severely wounded.
You feel sick. The adder closely misses you. The adder bites you.
Casting: Shock (safe; 12% risk of failure)
Confirm with . or Enter, or press ? or * to list all spells.
Aiming: Shock (safe; 12% risk of failure)
Press: ? - help, Shift-Dir - straight line, f/p - adder
Aim: an adder (severely wounded, 43% to hit)
The zap misses the adder.
You feel sick.
You are no longer poisoned.
The adder bites you.
* * * LOW HITPOINT WARNING * * *
You barely miss the adder.
The adder is severely wounded.
The adder bites you.
* * * LOW HITPOINT WARNING * * *
The adder barely misses you.
You miss the adder.
The adder is severely wounded.
The adder bites you but does no damage. The adder bites you.
* * * LOW HITPOINT WARNING * * *
You hit the adder but do no damage.
The adder is severely wounded.
The adder bites you.
You die...

#...................# #.
#.###.#####.#.##..#.# #. #.#
#.#####.#.##..#.###. #.#
.................... #.#
#.#.......†.........
##########.#
#.#.####..##.#######
>..........# #.#.# #..####
.#.#########.#.#.####..#######
.#..............@S............
..#######......#.####!.#######
#..# ##......#.# #.......#
##.# ##....... ... #.......#
#.##..........#.# #.......#
#................ ........#
###<......... #.............
#.####..... ###.#.......## #.#
. #.#......##


You could see an adder.

Vanquished Creatures
  2 dart slugs (D:1)
  4 bats
  A giant cockroach (D:1)
  5 goblins (D:1)
  3 hobgoblins (D:1)
  3 jackals (D:1)
  A ball python (D:1)
  A frilled lizard (D:1)
  A kobold (D:1)
  A rat (D:1)
22 creatures vanquished.

Notes
Turn   | Place    | Note
-------+----------+-------------------------------------------
     0 | D:1      | Azuregosa the Demigod Wanderer began the quest for the Orb.
     0 | D:1      | Azuregosa set off with the following items: a +0 mace, a
                  | wand of polymorph (3), a potion of haste, a +0 robe; and
                  | the following spell memorised: Shock; and the following
                  | spells available to memorise: Swiftness, Airstrike.
     0 | D:1      | Reached XP level 1. HP: 16/16 MP: 4/4
   247 | D:1      | Reached XP level 2. HP: 23/23 MP: 4/6
  1410 | D:2      | Slain by an adder

Illustrated notes

Levels and vault maps discovered:
D:1:      denvon_arrival_planthouse, layout_basic
D:2:      layout_basic

Skill      XL: |  1 |
---------------+----+-----
Air Magic      | 3 |  3.3
Fighting       | |  1.0
Maces & Flails | |  1.0
Spellcasting   | |  1.9
Evocations     | |  3.6

Action                     || total
---------------------------++-------
  Melee: Mace              ||    23
   Cast: Shock             ||    53
 Armour: Robe              ||    32
  Dodge: Dodged            ||    27

Table legend: (Time is in decaauts)
 A = Elapsed time spent in this place.
 B = Non-inter-level travel time spent in this place.
 C = Inter-level travel time spent in this place.
 D = Time resting spent in this place.
 E = Time spent auto-exploring this place.
 F = Levels seen in this place.
 G = Mean time per level.
                   A        B        C        D        E       F      G
               +--------+--------+--------+--------+--------+-----+--------+
         Total |   1416 |   1390 |     26 |    387 |    786 |   2 |  708.0 |
       Dungeon |   1416 |   1390 |     26 |    387 |    786 |   2 |  708.0 |
               +--------+--------+--------+--------+--------+-----+--------+

Top non-repeatable levels by time:
     D:1: 1294 daAuts
     D:2: 121 daAuts
